 Dungeon Crawl Stone Soup version 0.30.0-29-ga12c61a403 (webtiles) character file.

Game seed: 8563549802925167421

1206 Dadbod the Shield-Bearer (level 8, 0/52 HPs)
             Began as a Djinni Fire Elementalist on June 25, 2023.
             Was an Initiate of Makhleb.
             Killed from afar by a white imp (16 damage)
             ... with a puff of frost
             ... on level 6 of the Dungeon.
             The game lasted 00:15:52 (4981 turns).

Dadbod the Shield-Bearer (Djinni Fire Elementalist) Turns: 4981, Time: 00:15:53

Health: 0/52       AC:  3    Str:  7    XL:     8   Next: 73%
Gold:   245        EV: 12    Int: 20    God:    Makhleb [......] SH:  5 Dex: 13

rFire   + +          +
                       - Unarmed
rCold   x x .        i - +0 buckler
rNeg    . . .        a - +0 robe
rPois   ∞            (no helmet)
rElec   +            (no cloak)
rCorr   .            f - +0 pair of gloves
SInv    .            (boots unavailable)
Will    .....        (no amulet)
Stlth   ++           d - ring of fire
HPRegen 0.28/turn    j - ring "Dacul" {rElec rPois}
MPRegen 0.00/turn

%: infuse magic (-1 HP)
@: mighty, flying, hasted, very quick
A: sickness immunity, fire resistance 2, cold vulnerability 1, float, innate
caster, HP casting, extra vitality 1
a: Renounce Religion


You were on level 6 of the Dungeon.
You worshipped Makhleb.
Makhleb was noncommittal.
You visited 2 branches of the dungeon, and saw 7 of its levels.

You collected 245 gold pieces.

Inventory:

Armour
 a - a +0 robe (worn)
 f - a +0 pair of gloves (worn)
 i - a +0 buckler (worn)
Jewellery
 d - a ring of fire (left hand)
 j - the ring "Dacul" (right hand) {rElec rPois}
   (You found it on level 4 of the Dungeon)

   [ring of poison resistance]

   rElec:     It insulates you from electricity.
   rPois:     It protects you from poison.
Wands
 s - a wand of light (5)
 t - a wand of iceblast (14)
Scrolls
 m - a scroll of fog
 p - 3 scrolls of fear {unknown}
Potions
 b - a potion of ambrosia
 c - 3 potions of lignification
 e - a potion of haste
 g - a potion of flight
 h - a potion of might
 k - 3 potions of magic
 l - a potion of heal wounds {unknown}
 n - a potion of attraction {unknown}
 o - a potion of mutation {unknown}
 q - a potion of invisibility {unknown}
 r - a potion of brilliance {unknown}


   Skills:
 - Level 1.3 Fighting
 - Level 3.6 Dodging
 - Level 2.7 Stealth
 + Level 6.3 Shields
 - Level 1.0 Unarmed Combat
 - Level 5.1 Spellcasting


You knew the following spells:

 Your Spells              Type           Power      Damage    Failure   Level
a - Foxfire               Conj/Fire      100%       2x1d9     1%          1
b - Scorch                Fire           76%        2d8       3%          2
c - Volatile Blastmotes   Fire/Tloc      76%        2d16      6%          3
d - Inner Flame           Hex/Fire       38%        N/A       6%          3
e - Flame Wave            Conj/Fire      38%        2d10      21%         4
f - Freeze                Ice            100%       1d10      1%          1
g - Poisonous Vapours     Pois/Air       50%        N/A       3%          2
h - Ignite Poison         Fire/Tmut/Pois 38%        N/A       6%          3
Your spell library was empty.

Dungeon Overview and Level Annotations

Branches:
Dungeon (6/15)             Temple (1/1) D:4

Altars:
Dithmenos
Elyvilon
Fedhas
Gozag
Makhleb
Nemelex Xobeh
Okawaru
Qazlal
Ru
Trog
Uskayaw
Wu Jian
Xom
Yredelemnul
Zin
The Shining One

Shops:
D:6 *


Innate Abilities, Weirdness & Mutations

You are immune to sickness and miasma.
You are immune to poison.
Your flesh is very heat resistant. (rF++)
You are vulnerable to cold. (rC-)
You float through the air rather than walking.
You learn spells naturally, not from books.
Your magical power is your life essence.
You have superior vitality. (+4 MHP)


Message History

* * * LOW HITPOINT WARNING * * *
The foxfire hits the orc priest.
The orc priest is almost dead.
Casting: Foxfire (safe; 1% risk of failure)
Press: ? - help, Q - select action, (/) - cycle Dir - look around, f - activate You feel a surge of power!
You miscast Foxfire.
Nothing appears to happen.
* * * LOW HITPOINT WARNING * * *
The foxfire hits the orc priest.
You kill the orc priest!
Makhleb accepts your kill.
The foxfire hits something!
A kobold comes into view. It is wielding a +0 short sword.
The foxfire hits the kobold.
You kill the kobold!
Makhleb accepts your kill.
A white imp comes into view.
Casting: Foxfire (safe; 1% risk of failure)
Confirm with . or Enter, or press ? or * to list all spells.
Okay, then.
It was a potion of magic.
Magic washes over you without effect. The white imp gestures at you.
The puff of frost misses you.
You hear some strange, mumbled words.
A puff of flame appears from out of thin air!
The puff of flame misses you.
Okay, then.
It was a potion of might.
You feel very mighty all of a sudden.
You feel yourself speed up. Something hits you.
* * * LOW HITPOINT WARNING * * *
As you read the scroll of fog, it crumbles to dust.
The scroll dissolves into smoke.
A puff of flame appears from out of thin air!
The puff of flame misses you.
Your magical contamination has completely faded away.
Found a club.
Found a stone staircase leading down.
The white imp gestures at you. The puff of frost hits you!
You feel a terrible chill!
You die...

##.# ##..#..## ###..#
#####.#...# # #...##
..........# .. #.###
..........## .# ###.#
...........## .# #...#
............##.#####
...## #
..............(#...#
....##..
.........(.)>....#.# .
.......#
.......@.....).###.#.#
.....###
#######.....).........
<....# ##......)).)....#
PP...# #............###
PPP..#
###.....).......###
_P..##
##......#..........#
P.P.#
#......#..{5.....#.###.
P...#
#............K........#
#####
....................§.#.


You could see a white imp and a kobold.

Vanquished Creatures
  Eustachio (D:6)
  2 water moccasins
  2 black bears (D:4)
  A centaur (D:6)
  A kobold brigand (D:6)
  A bullfrog (D:5)
  3 hounds
  A gnoll bouda (D:6)
  3 orc priests
  An iguana (D:5)
  An orc wizard (D:6)
  9 gnolls
  4 adders
  An ufetubus (D:4)
  A worm (D:4)
  4 dart slugs
  5 orcs
  4 endoplasms
  A giant cockroach (D:1)
  6 goblins
  2 hobgoblins (D:1)
  4 jackals (D:1)
  5 quokkas
  12 ball pythons
  A bat (D:1)
  2 frilled lizards (D:1)
  5 kobolds
  7 rats
90 creatures vanquished.

Vanquished Creatures (others)
  245 foxfires
245 creatures vanquished.

Grand Total: 335 creatures vanquished

Notes
Turn   | Place    | Note
-------+----------+-------------------------------------------
     0 | D:1      | Dadbod the Djinni Fire Elementalist began the quest for the
                  | Orb.
     0 | D:1      | Dadbod set off with the following spells memorised:
                  | Foxfire, Scorch, Volatile Blastmotes, Inner Flame, Flame
                  | Wave.
     0 | D:1      | Reached XP level 1. HP: 15/15 MP: 0/0
   208 | D:1      | Reached XP level 2. HP: 20/21 MP: 0/0
   549 | D:1      | Reached XP level 3. HP: 26/26 MP: 0/0
   549 | D:1      | Learned a level 1 spell: Freeze
  1414 | D:2      | Reached XP level 4. HP: 24/31 MP: 0/0
  1955 | D:3      | Found a white marble altar of Elyvilon.
  1978 | D:3      | Reached XP level 5. HP: 18/36 MP: 0/0
  1978 | D:3      | Learned a level 2 spell: Poisonous Vapours
  2336 | D:3      | Found a sacrificial altar of Ru.
  2645 | D:4      | Found a staircase to the Ecumenical Temple.
  2688 | Temple   | Entered the Ecumenical Temple
  3002 | D:4      | Noticed a black bear
  3006 | D:4      | Killed a black bear
  3007 | D:4      | Reached skill level 1 in Fighting
  3007 | D:4      | Reached XP level 6. HP: 33/42 MP: 0/0
  3181 | D:4      | Noticed a black bear
  3185 | D:4      | Killed a black bear
  3186 | D:4      | Reached XP level 7. HP: 36/47 MP: 0/0
  3186 | D:4      | Learned a level 3 spell: Ignite Poison
  3257 | D:4      | Identified the ring "Dacul" {rElec rPois}
  3915 | D:5      | Entered Level 5 of the Dungeon
  4004 | D:5      | Found a bloodstained altar of Trog.
  4005 | D:5      | Found an iron altar of Okawaru.
  4007 | D:5      | Noticed a water moccasin
  4011 | D:5      | Killed a water moccasin
  4012 | D:5      | Reached skill level 1 in Unarmed Combat
  4012 | D:5      | Reached skill level 5 in Spellcasting
  4019 | D:5      | Reached skill level 1 in Shields
  4047 | D:5      | Found a burning altar of Makhleb.
  4055 | D:5      | Became a worshipper of Makhleb the Destroyer
  4152 | D:5      | Reached skill level 2 in Shields
  4282 | D:5      | Found a hide-covered altar of Uskayaw.
  4282 | D:5      | Found an opulent altar of Gozag.
  4283 | D:5      | Found an ornate altar of the Wu Jian Council.
  4776 | D:6      | Found Geqenan's Mass Market.
  4776 | D:6      | Found a blossoming altar of Fedhas.
  4839 | D:6      | Reached skill level 3 in Shields
  4845 | D:6      | Reached XP level 8. HP: 45/52 MP: 0/0
  4854 | D:6      | Reached skill level 4 in Shields
  4935 | D:6      | Noticed Eustachio
  4942 | D:6      | Reached skill level 5 in Shields
  4943 | D:6      | Killed Eustachio
  4955 | D:6      | Reached skill level 6 in Shields
  4981 | D:6      | Killed from afar by a white imp

Illustrated notes

Levels and vault maps discovered:
D:1:      enne_arrival_octagon_isle, layout_loops_corners
D:2:      layout_loops_ring
D:3:      layout_rooms, old_standard_altar, elyvilon_altar_3
D:4:      layout_basic, minmay_temple_entry_trees
D:5:      layout_basic, gammafunk_temple_overflow_forgotten,
          grunt_temple_overflow_open
D:6:      layout_rooms, fedhas_altar_3, nicolae_ossuary_entry_ruins,
          minmay_shop_mass, corner_web_ring, minmay_tree_intersection,
          kennysheep_generic_room_5, uniq_eustachio
Temple:   nicolae_temple_figure_zero

Skill      XL: |  1  2  3  4  5  6  7  8 |
---------------+-------------------------+-----
Spellcasting   | 3 4 5 |  5.1
Dodging        | 3 |  3.6
Stealth        | 2 |  2.7
Fighting       | 1 |  1.3
Unarmed Combat | 1 |  1.0
Shields        | 3 6 |  6.3

Action                     |  1- 3 |  4- 6 |  7- 9 || total
---------------------------+-------+-------+-------++-------
  Melee: Unarmed           |    19 |       |       ||    19
         Punch             |     1 |       |       ||     1
   Cast: Foxfire           |    60 |    44 |    50 ||   154
         Inner Flame       |       |     4 |    10 ||    14
         Poisonous Vapours |       |     2 |       ||     2
         Volatile Blastmot |       |       |     1 ||     1
    Use: Scroll            |     2 |     3 |     5 ||    10
         Potion            |       |       |     3 ||     3
 Armour: Robe              |    20 |     1 |     1 ||    22
  Dodge: Dodged            |    37 |     5 |    10 ||    52
  Block: Buckler           |       |       |     1 ||     1
